 Dungeon Crawl Stone Soup version 0.26-a0-1213-gd52f5182fe (webtiles) character file.

Game seed: 9702297939778546470

2173 voltaire321 the Ducker (level 9, -6/56 (68) HPs)
             Began as a Merfolk Ice Elementalist on Dec 30, 2020.
             Was a Believer of Nemelex Xobeh.
             Mangled by Menkaure (13 damage)
             ... on level 7 of the Dungeon.
             The game lasted 00:39:39 (9313 turns).

voltaire321 the Ducker (Merfolk Ice Elementalist)   Turns: 9313, Time: 00:39:40

HP:   -6/56 (68)    AC:  7    Str:  8    XL:     9   Next: 32%
MP:   16/16         EV: 16    Int: 15    God:    Nemelex Xobeh [**....]
Gold: 342           SH:  0    Dex: 17    Spells: 7/18 levels left

rFire    . . .     SeeInvis .   q - +3 spear
rCold    . . .     Faith    .   (no shield)
rNeg     . . .     Spirit   .   a - +0 leather armour
rPois    .         Reflect  .   l - +2 helmet
rElec    .         Harm     .   o - +0 cloak
rCorr    .         Rampage  .   (no gloves)
Will     .....                  (no boots)
Stlth    ++........             (no amulet)
HPRegen  0.18/turn              (no ring)
MPRegen  0.15/turn              (no ring)

@: heavily drained
A: change form in water, swift swim, stealthy swim
a: Renounce Religion, Draw Escape, Draw Destruction, Draw Summoning


You were on level 7 of the Dungeon.
You worshipped Nemelex Xobeh.
Nemelex Xobeh was pleased with you.
You visited 1 branch of the dungeon, and saw 7 of its levels.

You collected 510 gold pieces.
You spent 168 gold pieces at shops.

Inventory:

Hand Weapons
 j - a +0 scimitar
 q - a +3 spear (weapon)
 x - a +1 dagger of speed
Missiles
 u - 5 poisoned darts
 v - 3 javelins (quivered)
Armour
 a - a +0 leather armour (worn)
 l - a +2 helmet (worn)
 o - a +0 cloak (worn)
Jewellery
 m - an uncursed ring of fire
 p - an uncursed ring of flight
Scrolls
 c - 2 scrolls of immolation
 d - 2 scrolls of identify
 e - a scroll of fog {unknown}
 f - 2 scrolls of blinking
 g - 3 scrolls of remove curse
 k - a scroll of amnesia {unknown}
 n - 9 scrolls of enchant weapon
 r - 3 scrolls of magic mapping {unknown}
 t - 2 scrolls of teleportation
 w - 3 scrolls of fear {unknown}
Potions
 b - a potion of might
 h - 2 potions of flight {unknown}
 i - 2 potions of curing
 s - a potion of heal wounds
 z - 2 potions of mutation {unknown}
 A - a potion of brilliance


   Skills:
 + Level 5.4 Fighting
 + Level 2.2 Armour
 + Level 7.3 Dodging
 - Level 2.1 Stealth
 + Level 5.1 Spellcasting
 + Level 3.3 Summonings
 + Level 7.1 Ice Magic
 + Level 3.7 Invocations


You had 7 spell levels left.
You knew the following spells:

 Your Spells              Type           Power        Failure   Level
a - Freeze                Ice            100%         1%          1
b - Frozen Ramparts       Ice            50%          3%          3
c - Ozocubu's Armour      Ice            25%          3%          3
d - Summon Ice Beast      Ice/Summ       19%          26%         4

Your spell library contained the following spells:

 Spells                   Type           Power        Failure   Level
 Hailstorm                Conj/Ice       14%          45%         4


Dungeon Overview and Level Annotations

Branches:
Dungeon (7/15)             Temple (0/1) D:5

Altars:
Ashenzari
Fedhas
Gozag
Nemelex Xobeh
Okawaru
Ru

Shops:
D:4 [

Annotations:
D:7 Menkaure


Message History

Menkaure is moderately damaged.
Menkaure closely misses you.
You hit Menkaure.
Menkaure is moderately damaged.
You hit Menkaure but do no damage.
Menkaure is moderately damaged.
Menkaure closely misses you.
You hit Menkaure.
Menkaure is heavily damaged.
Menkaure barely misses you.
You hit Menkaure but do no damage.
Menkaure is heavily damaged.
Menkaure points at you and mumbles some strange words.
Pain shoots through your body!
* * * LOW HITPOINT WARNING * * *
You puncture Menkaure!
Menkaure is almost destroyed.
Menkaure hits you!
You die...
Your body disappears without a glow.

#....)......#######
........####.#..# ....>##.#
#.#..# . ##### #.#
##.#..### .# #.#
#..#....###.#
#.###.##........#
#.[...#.......###
#M...##.......# #####
#@..###.......# #...#
#...####.....## #...####
#......>..<[.##
#....<.######.[...#.......#
#...##.........#.##.....[.#
##########..#.............#
#........###......##
##..#....######...##
####...#.......###[.####


You could see Menkaure.

Vanquished Creatures
  A nameless horror (D:6)
  Sigmund (D:3)
  An ice beast (D:7)
  2 sky beasts
  A necrophage (D:7)
  3 ogres
  3 centaurs
  A bullfrog (D:6)
  A scorpion (D:2)
  2 wights (D:7)
  2 jellies
  2 hounds (D:4)
  3 bullfrog skeletons
  2 iguanas
  An orc wizard (D:3)
  7 worker ants
  A killer bee zombie (D:5)
  2 hound zombies (D:5)
  A hound skeleton (D:4)
  Robin (D:2)
  10 gnolls
  9 adders
  2 ufetubi
  A worm (D:2)
  2 dart slugs
  8 leopard geckos
  9 orcs
  9 bats
  11 giant cockroaches
  13 hobgoblins
  16 jackals
  6 kobolds
  6 quokkas
  2 ball pythons
  8 frilled lizards
  16 goblins
  A leopard gecko skeleton (D:4)
  8 rats
175 creatures vanquished.

Vanquished Creatures (collateral kills)
  Duvessa (D:7)
  Dowan (D:7)
  A wight (D:7)
3 creatures vanquished.

Grand Total: 178 creatures vanquished

Notes
Turn   | Place    | Note
-------+----------+-------------------------------------------
     0 | D:1      | voltaire321 the Merfolk Ice Elementalist began the quest
                  | for the Orb.
     0 | D:1      | Reached XP level 1. HP: 13/13 MP: 3/3
    27 | D:1      | Found a broken altar of Ashenzari.
   282 | D:1      | Reached XP level 2. HP: 19/20 MP: 0/5
   557 | D:1      | Reached skill level 1 in Fighting
   846 | D:1      | Reached XP level 3. HP: 26/26 MP: 6/6
  1165 | D:2      | Learned a level 3 spell: Frozen Ramparts
  1374 | D:2      | Found a sparkling altar of Nemelex Xobeh.
  1382 | D:2      | Became a worshipper of Nemelex Xobeh the Trickster
  1465 | D:2      | Noticed Robin
  1482 | D:2      | Reached XP level 4. HP: 32/32 MP: 4/7
  1615 | D:2      | Killed Robin
  1701 | D:2      | Reached skill level 5 in Ice Magic
  1701 | D:2      | Reached XP level 5. HP: 12/38 MP: 2/9
  2001 | D:2      | Learned a level 3 spell: Ozocubu's Armour
  2368 | D:3      | Noticed an ogre
  2631 | D:3      | Noticed Sigmund
  3328 | D:3      | Killed Sigmund
  3329 | D:3      | Reached skill level 5 in Dodging
  3329 | D:3      | Reached XP level 6. HP: 38/47 MP: 4/11
  3446 | D:3      | Reached XP level 7. HP: 52/52 MP: 1/12
  3726 | D:3      | Reached * piety under Nemelex Xobeh
  4080 | D:4      | Found Corethrol's Antique Armour Boutique.
  4084 | D:4      | Bought a fading leather armour for 168 gold pieces
  4084 | D:4      | Identified the +3 leather armour of the Orb {Harm rElec
                  | Str+6 Dex-3} (You bought it in a shop on level 4 of the
                  | Dungeon)
  4334 | D:4      | Received a gift from Nemelex Xobeh
  4581 | D:4      | Learned a level 4 spell: Summon Ice Beast
  4677 | D:4      | Reached skill level 1 in Invocations
  4949 | D:4      | Received a gift from Nemelex Xobeh
  5112 | D:4      | Reached skill level 1 in Summonings
  5128 | D:5      | Entered Level 5 of the Dungeon
  5152 | D:5      | Found a staircase to the Ecumenical Temple.
  5497 | D:5      | Reached XP level 8. HP: 58/60 MP: 10/14
  5915 | D:5      | Reached skill level 1 in Armour
  6142 | D:6      | Found a sacrificial altar of Ru.
  6178 | D:6      | Reached ** piety under Nemelex Xobeh
  6920 | D:6      | Found an iron altar of Okawaru.
  7099 | D:6      | Reached skill level 5 in Fighting
  7101 | D:6      | Reached XP level 9. HP: 41/68 MP: 11/16
  7300 | D:6      | Found an opulent altar of Gozag.
  7332 | D:6      | Found a blossoming altar of Fedhas.
  7709 | D:7      | Reached skill level 5 in Spellcasting
  7900 | D:7      | Upgraded the game from 0.26-a0-1205-g4083c211ab to
                  | 0.26-a0-1213-gd52f5182fe
  7915 | D:7      | Noticed Menkaure
  7918 | D:7      | Noticed Dowan
  7918 | D:7      | Noticed Duvessa
  8305 | D:7      | Killed Dowan
  8408 | D:7      | HP: 1/68 [Duvessa/+0 short sword (13)]
  8417 | D:7      | HP: 1/68 [Duvessa/+0 short sword (19)]
  8417 | D:7      | Killed Duvessa
  8783 | D:7      | Noticed a nameless horror
  8820 | D:6      | Killed a nameless horror
  9313 | D:7      | Mangled by Menkaure

Illustrated notes

Levels and vault maps discovered:
D:1:      wheals_arrival_shading, layout_basic, minmay_misc_feat_plants,
          minmay_misc_feat_alley, hangedman_glass_teeth,
          nicolae_ashenzari_panopticon
D:2:      layout_rooms, lemuel_coloured_pillars_altar, uniq_robin
D:3:      layout_basic, amethyst_killhole, moated_statue, uniq_sigmund
D:4:      layout_basic, serial_shops, shop, hangedman_abyss_or_decor_passed
D:5:      minmay_angry_zag, layout_rooms, minmay_temple_entry_gardened_gates,
          kennysheep_flooded_box, kennysheep_small_circle
D:6:      minmay_razor_zed, layout_cave_pools, kennysheep_little_box,
          marbit_many_paths, lemuel_round_altar, st_stairs_2,
          okawaru_altar_gauntlet_db
D:7:      layout_rooms, nzn_hepliaklqana_mist_gate, minmay_misc_feat_square,
          minmay_misc_feat_iff, uniq_menkaure, uniq_duvessa, uniq_prince_ribbit1

Skill      XL: |  1  2  3  4  5  6  7  8  9 |
---------------+----------------------------+-----
Dodging        | 3 4 5 6 7 |  7.3
Fighting       | 1 2 3 4 5 |  5.4
Ice Magic      | 5 6 7 |  7.1
Spellcasting   | 3 4 5 |  5.1
Invocations    | 1 3 |  3.7
Summonings     | 1 2 3 |  3.3
Armour         | 1 2 |  2.2
Stealth        | |  2.1

Action                   |  1- 3 |  4- 6 |  7- 9 || total
-------------------------+-------+-------+-------++-------
Melee: Unarmed           |     8 |       |       ||     8
       Dagger            |    34 |    70 |   402 ||   506
       Spear             |       |       |     8 ||     8
Throw: Javelin           |     4 |     5 |     5 ||    14
       Dart              |       |     6 |     2 ||     8
 Cast: Freeze            |    47 |    65 |    56 ||   168
       Frozen Ramparts   |       |     5 |    23 ||    28
       Ozocubu's Armour  |       |     3 |    14 ||    17
       Summon Ice Beast  |       |       |    12 ||    12
  Use: Scroll            |     1 |     4 |     8 ||    13
       Potion            |       |       |     2 ||     2
 Stab: Sleeping          |     4 |     2 |    12 ||    18
       Distracted        |       |       |     2 ||     2
Armor: Robe              |     8 |    21 |     6 ||    35
       Ring mail         |       |       |   122 ||   122
       Leather armour    |       |       |     9 ||     9
Dodge: Dodged            |    56 |   122 |   265 ||   443

Table legend: (Time is in decaauts)
 A = Elapsed time spent in this place.
 B = Non-inter-level travel time spent in this place.
 C = Inter-level travel time spent in this place.
 D = Time resting spent in this place.
 E = Time spent auto-exploring this place.
 F = Levels seen in this place.
 G = Mean time per level.
                   A        B        C        D        E       F      G
               +--------+--------+--------+--------+--------+-----+--------+
         Total |   9195 |   9008 |    187 |   3829 |   2573 |   7 | 1313.6 |
       Dungeon |   9195 |   9008 |    187 |   3829 |   2573 |   7 | 1313.6 |
               +--------+--------+--------+--------+--------+-----+--------+

Top non-repeatable levels by time:
     D:6: 1775 daAuts
     D:2: 1591 daAuts
     D:7: 1349 daAuts
     D:3: 1220 daAuts
     D:4: 1168 daAuts
     D:1: 1124 daAuts
     D:5: 965 daAuts
